 Dungeon Crawl Stone Soup version 0.26-a0-712-ga5a9c9c9d0 (webtiles) character file.

Game seed: 8298553156072641509

205003 Apogee the Warrior (level 18, -1/104 HPs)
             Began as a Vine Stalker Fighter on Nov 4, 2020.
             Was the Champion of Makhleb.
             Drowned by a drowned soul (10 damage)
             ... summoned by a merfolk avatar
             ... on level 4 of the Shoals.
             The game lasted 01:25:10 (33557 turns).

Apogee the Warrior (Vine Stalker Fighter)          Turns: 33557, Time: 01:25:10

Health: -1/104     AC: 24    Str: 30    XL:     18   Next: 67%
Magic:  0/27       EV: 12    Int: 11    God:    Makhleb [******]
Gold:   1895       SH:  8    Dex: 21    Spells: 22/25 levels left

rFire    . . .     SeeInvis .   b - +9 hunting sling of Qisik {speed, Str+3 Int+3}
rCold    . . .     Faith    .   P - +0 buckler
rNeg     + . .     Spirit   +   G - +3 plate armour
rPois    +         Reflect  .   (helmet restricted)
rElec    .         Harm     .   m - +0 cloak
rCorr    .         Rampage  .   X - +1 pair of gloves {Dex+3}
MR       +++++     Clarity  +   t - +0 pair of boots "Nyjeubeq" {Regen+ Dex+4 Stlth-}
Stlth    ..........             Q - amulet of the Four Winds {rN+ MR+++ Clar}
HPRegen  1.47/turn              l - ring of poison resistance
MPRegen  0.20/turn              A - +4 ring of evasion

@: studying Spellcasting
A: antennae 1, fangs 3, talons 1, clarity, regeneration 2, magic shield,
antimagic bite, no potion heal 3, rot immunity
}: 1/15 runes: serpentine
a: Minor Destruction, Lesser Servant of Makhleb, Major Destruction, Greater
Servant of Makhleb, Renounce Religion


You were on level 4 of the Shoals.
You worshipped Makhleb.
Makhleb was exalted by your worship.
You visited 5 branches of the dungeon, and saw 30 of its levels.

You collected 2553 gold pieces.
You spent 658 gold pieces at shops.

Inventory:

Hand Weapons
 b - the +9 hunting sling of Qisik (weapon) {speed, Str+3 Int+3}
   (You found it on level 4 of the Dungeon)

   Attacks with this weapon are significantly faster.
   It affects your strength (+3).
   It affects your intelligence (+3).
Missiles
 a - 669 stones
 o - 389 sling bullets (quivered)
 H - a throwing net {!f}
Armour
 m - a +0 cloak (worn)
   (You found it on level 2 of the Dungeon)
 t - the +0 pair of boots "Nyjeubeq" (worn) {Regen+ Dex+4 Stlth-}
   (You acquired it on level 3 of the Snake Pit)

   It affects your dexterity (+4).
   It increases your rate of regeneration.
   It makes you less stealthy.
 w - a +0 helmet
   (You found it on level 4 of the Dungeon)
 G - a +3 plate armour (worn)
   (You took it off an orc warrior on level 7 of the Dungeon)
 P - a +0 buckler (worn)
   (You found it on level 2 of the Dungeon)
 X - a +1 pair of gloves of dexterity (worn)
   (You found it on level 14 of the Dungeon)
Jewellery
 l - a ring of poison resistance (left hand)
   (You took it off a gnoll on level 9 of the Dungeon)
 A - a +4 ring of evasion (right hand)
   (You found it on level 3 of the Dungeon)
 Q - the amulet of the Four Winds (around neck) {rN+ MR+++ Clar}
   (You bought it in a shop on level 7 of the Dungeon)

   [amulet of nothing]

   It protects you from negative energy.
   It affects your resistance to hostile enchantments.
   It protects you against confusion.
 T - an uncursed ring of wizardry
   (You found it on level 12 of the Dungeon)
Wands
 c - a wand of disintegration (22)
   (You found it on level 8 of the Dungeon)
 d - a wand of iceblast (28)
   (You found it on level 9 of the Dungeon)
 u - a wand of paralysis (16)
   (You found it on level 5 of the Dungeon)
 v - a wand of digging (8)
   (You found it on level 2 of the Shoals)
 x - a wand of acid (13)
   (You took it off an orc on level 9 of the Dungeon)
 L - a wand of enslavement (18)
   (You found it on level 1 of the Lair of Beasts)
 V - a wand of polymorph (43)
   (You found it on level 13 of the Dungeon)
Scrolls
 h - 15 scrolls of teleportation {@r4}
 i - 7 scrolls of amnesia
 j - 3 scrolls of noise {!r}
 p - 6 scrolls of fog
 s - 12 scrolls of enchant weapon
 y - 6 scrolls of fear
 B - 6 scrolls of enchant armour
 D - 17 scrolls of remove curse {@r2}
 I - 5 scrolls of magic mapping
 O - 4 scrolls of immolation {!r}
 R - 2 scrolls of summoning {unknown}
 S - 3 scrolls of random uselessness
 U - 4 scrolls of blinking
 W - 2 scrolls of vulnerability {unknown}
 Z - 6 scrolls of identify {@r1}
Potions
 e - 9 potions of curing {@q1}
 f - 3 potions of ambrosia
 k - 6 potions of brilliance
 n - 3 potions of cancellation
 q - 4 potions of stabbing
 z - 6 potions of flight
 C - 7 potions of haste {@q3}
 E - 3 potions of berserk rage
 F - 2 potions of invisibility
 J - 4 potions of lignification {!q}
 K - 4 potions of might
 M - 3 potions of degeneration {unknown}
 N - 2 potions of mutation {!q}
 Y - 3 potions of magic
Books
 g - a manual of Spellcasting {!d}
   (You acquired it on level 2 of the Shoals)
Miscellaneous
 r - a tin of tremorstones (inert)
   (You found it on level 1 of the Shoals)


   Skills:
 - Level 15.0 Fighting
   Level 3.2 Short Blades
 - Level 12.0 Slings
 - Level 12.0 Armour
 + Level 12.7 Shields
 - Level 12.0 Unarmed Combat
 - Level 4.0 Spellcasting
 - Level 4.0 Translocations
 + Level 11.7 Invocations


You had 22 spell levels left.
You knew the following spells:

 Your Spells              Type           Power        Failure   Level
b - Blink                 Tloc           N/A          41%         2
c - Apportation           Tloc           ##....       28%         1

Your spell library contained the following spells:

 Spells                   Type           Power        Failure   Level
 Gell's Gravitas          Tloc           ##........   65%         3
 Lesser Beckoning         Tloc           ##........   65%         3
 Teleport Other           Tloc           ##......     65%         3
 Corona                   Hex            #......      83%         1
 Magic Dart               Conj           #...         83%         1
 Call Imp                 Summ           #.......     92%         2
 Corpse Rot               Necr/Air       N/A          92%         2
 Ensorcelled Hibernation  Hex/Ice        #.....       92%         2
 Poisonous Vapours        Pois/Air       #.....       92%         2
 Slow                     Hex            #.......     92%         2
 Passage of Golubria      Tloc           N/A          96%         4
 Confusing Touch          Hex            #.......     99%         3
 Conjure Flame            Conj/Fire      #.......     99%         3
 Dazzling Flash           Conj/Hex       #.....       99%         3
 Frozen Ramparts          Ice            #.....       99%         3
 Mephitic Cloud           Conj/Pois/Air  #.......     99%         3
 Static Discharge         Conj/Air       #.......     99%         3
 Tukima's Dance           Hex            #.......     99%         3
 Airstrike                Air            #.........   100%        4
 Alistair's Intoxication  Tmut/Pois      #........    100%        5
 Invisibility             Hex            #.......     100%        6
 Ozocubu's Refrigeration  Ice            #.........   100%        6
 Starburst                Conj/Fire      #.........   100%        6


Dungeon Overview and Level Annotations

Branches:
Dungeon (15/15)            Temple (1/1) D:4            Lair (6/6) D:8
 Shoals (4/4) Lair:4        Snake (4/4) Lair:3        Slime (0/5) Lair:5
    Orc (0/2) D:9          Vaults (0/5) D:13         Depths (0/5) D:15

Altars:
Ashenzari
Cheibriados
Dithmenos
Elyvilon
Fedhas
Gozag
Hepliaklqana
Kikubaaqudgha
Makhleb
Nemelex Xobeh
Okawaru
Qazlal
Ru
Sif Muna
Trog
Uskayaw
Vehumet
Wu Jian
Xom
Yredelemnul
Zin
The Shining One
Jiyva

Shops:
D:6 :   D:7 =   D:15 [   Shoals:4 *   Snake:4 *

Annotations:
D:13 2 runed translucent doors, Qalota's ghost, journeyman MiBe
Lair:4 2 transporters, Hiceoc's ghost, journeyman FeBe
Lair:5 1 runed translucent door
Snake:1 1 runed translucent door, Sassenached's ghost, adept KoWn
Snake:4 Roxanne


Innate Abilities, Weirdness & Mutations

You have razor-sharp teeth.
You heal very quickly.
When hurt, damage is shared between your health and your magic reserves.
Your bite disrupts and absorbs the magic of your enemies.
Potions cannot restore your health.
You are immune to rotting.
You have a pair of small antennae on your head.
You have sharp toenails.
You possess an exceptional clarity of mind.


Message History

Unknown command.
The merfolk avatar chants a haunting song.
You are unaffected.
The merfolk throws a boomerang.
The boomerang hits you.
The weapon returns to the merfolk!
You see here a scroll of immolation {!r}.
Unknown command.
Firing (i - inventory. (/) - cycle)
o - 393 sling bullets (quivered)
Aim: a merfolk, wielding a +0 trident and quivering 5 boomerangs You shoot a sling bullet.
The sling bullet hits the merfolk!!
You hear a splash.
The merfolk throws a boomerang.
The boomerang closely misses you.
The weapon returns to the merfolk!
Firing (i - inventory. (/) - cycle)
o - 392 sling bullets (quivered)
Aim: a merfolk, wielding a +0 trident and quivering 5 boomerangs (moderately wounded)
You shoot a sling bullet. The sling bullet hits the merfolk!
You hear a splash.
You block the drowned soul's attack. x2
Firing (i - inventory. (/) - cycle)
o - 391 sling bullets (quivered)
Aim: a merfolk, wielding a +0 trident and quivering 5 boomerangs (heavily wounded)
You shoot a sling bullet.
The sling bullet closely misses the merfolk.
You hear a splash.
Firing (i - inventory. (/) - cycle)
o - 390 sling bullets (quivered)
Aim: a merfolk, wielding a +0 trident and quivering 5 boomerangs (heavily wounded)
You shoot a sling bullet.
The sling bullet misses the merfolk javelineer.
The sling bullet hits the merfolk!
You hear a splash.
The merfolk avatar chants a haunting song.
You are unaffected.
The drowned soul touches you. The drowned soul drowns you!
* * * LOW HITPOINT WARNING * * *
The merfolk javelineer throws a silver javelin.
The silver javelin pierces through you!
* * * LOW HITPOINT WARNING * * *
The silver sears you!
* * * LOW HITPOINT WARNING * * *
You hear a splash.
The drowned soul touches you. The drowned soul drowns you!
* * * LOW HITPOINT WARNING * * *
As you read the scroll of fog, it crumbles to dust.
The scroll dissolves into smoke.
You block the drowned soul's attack.
The merfolk javelineer throws a silver javelin.
The silver javelin pierces through you!!
* * * LOW HITPOINT WARNING * * *
The silver sears you!
* * * LOW HITPOINT WARNING * * *
The silver javelin pierces through the drowned soul!
You hear a splash.
The drowned soul touches you. The drowned soul drowns you!
You die...

,,.≈≈≈≈≈...≈≈#######............#
,,≈≈≈≈≈(....##≈≈≈≈≈##............
,,.≈≈≈m....##≈≈≈..#≈##().≈.......
,,..≈≈.....#≈≈(≈≈.,#≈##..≈≈..(...
**..(......#≈≈#≈#≈..≈#(..........
**.........#.≈≈≈##≈.≈#...........
,,.......((#(§§§§≈≈.≈#.......#.##
,≈....≈≈.)(#)#§§§#..≈#..........#
≈≈..≈≈≈≈≈)()#.#§@§.≈##...........
≈≈.≈≈≈≈≈≈≈)m(#§§§.≈##.....≈≈≈.≈..
≈≈≈≈≈≈≈(≈≈≈≈.m######......≈≈≈≈...
≈≈≈≈≈≈≈≈W≈≈≈≈...,,,........≈)≈..≈
≈≈≈≈≈≈≈≈≈≈P≈≈.....,.........PPPPP
≈≈≈≈≈≈≈≈≈≈≈≈≈(...P..........P...P
≈≈≈≈≈≈≈≈≈≈≈P≈≈..P.P......)..P.P.P
≈≈≈≈≈≈≈≈≈≈PP≈P≈.............P.P)P
≈≈≈≈≈≈≈≈≈≈≈≈≈≈≈≈≈,,..)......P.PPP


There were no monsters in sight!

Vanquished Creatures
  Kirke (D:13)
  9 nagarajas (Snake:4)
  Azrael (D:12)
  2 merfolk impalers
  2 merfolk javelineers (Shoals:4)
  2 boulder beetles
  7 hydras
  5 naga warriors
  A vault guard (D:13)
  11 anacondas
  3 satyrs
  2 merfolk avatars
  A catoblepas (Lair:4)
  An ogre mage (D:15)
  5 alligator snapping turtles
  2 tengu warriors (D:15)
  A death knight (D:11)
  8 two-headed ogres
  7 death yaks
  3 centaur warriors
  8 merfolk aquamancers
  11 naga sharpshooters
  Urug (D:10)
  8 shock serpents
  Sonja (Lair:3)
  Nergalle (Lair:3)
  3 salamander mystics (Snake:3)
  17 sea snakes
  2 unseen horrors
  2 deep elf magi (D:15)
  Pikel (D:8)
  4 naga ritualists
  8 harpies
  A wolf spider (D:14)
  2 wolf spider zombies
  6 mana vipers
  12 manticores
  23 fauns
  17 ugly things
  7 cyclopes
  7 salamanders
  2 torpor snails (Lair:6)
  4 elephants (Lair:6)
  Maurice (D:8)
  7 guardian serpents
  2 water nymphs
  27 black mambas
  7 merfolk sirens
  18 naga magi
  A gargoyle (D:12)
  24 cane toads
  Psyche (D:8)
  A yaktaur (Shoals:4)
  2 centaur skeletons
  3 rime drakes
  An efreet (D:14)
  A kobold demonologist (D:11)
  8 komodo dragons
  18 merfolk
  5 tyrant leeches (Lair:6)
  4 trolls
  2 hornets
  A dream sheep (shapeshifter) (D:15)
  5 polar bears
  13 dream sheep
  29 blink frogs
  Sigmund (D:6)
  2 snapping turtles (Shoals:1)
  2 shadows
  13 water elementals
  3 hogs (D:13)
  A human (shapeshifter) (D:14)
  7 wyverns
  A spriggan (Lair:4)
  2 wraiths
  2 fire elementals (D:12)
  44 yaks
  Eustachio (D:4)
  A basilisk (Lair:6)
  12 vampire mosquitoes
  51 nagas
  An acid dragon (D:15)
  13 water moccasins
  5 hell hounds (D:12)
  3 black bears
  5 sky beasts
  12 orc warriors
  2 ice beasts
  3 eyes of draining
  A phantom (D:10)
  6 ogres
  2 necrophages
  30 wolves
  3 boggarts (D:14)
  3 lemures
  15 centaurs
  29 bullfrogs
  5 big kobolds
  3 gnoll sergeants (D:9)
  A wyvern zombie (D:9)
  A water moccasin zombie (D:11)
  3 scorpions
  10 killer bees
  A vampire bat (Lair:4)
  23 wights
  A howler monkey (D:9)
  5 electric eels (Snake:1)
  5 centaur zombies
  2 bullfrog zombies
  5 orc priests
  A bullfrog skeleton (D:6)
  7 hounds
  2 jellies
  12 orc wizards
  4 iguanas
  6 worker ants
  8 gnolls
  13 adders
  3 shadow imps
  A white imp (D:9)
  2 ufetubi
  An ooze (D:2)
  2 adder zombies (D:7)
  2 worms
  5 dart slugs
  3 leopard geckos
  55 orcs
  4 giant cockroaches
  8 goblins
  6 hobgoblins
  2 jackals (D:2)
  2 quokkas
  A ball python (D:3)
  15 bats
  3 frilled lizards
  10 kobolds
  11 rats
933 creatures vanquished.

Vanquished Creatures (collateral kills)
  Vashnia (Snake:4)
  3 naga sharpshooters (Snake:4)
  A merfolk siren (Shoals:4)
  3 merfolk (Shoals:2)
8 creatures vanquished.

Vanquished Creatures (others)
  A salamander (Snake:3)
  A black mamba (Snake:4)
  56 fungi
  136 plants
194 creatures vanquished.

Grand Total: 1135 creatures vanquished

Notes
Turn   | Place    | Note
-------+----------+-------------------------------------------
     0 | D:1      | Apogee the Vine Stalker Fighter began the quest for the
                  | Orb.
     0 | D:1      | Reached XP level 1. HP: 11/11 MP: 2/2
   254 | D:1      | Reached XP level 2. HP: 15/16 MP: 1/3
   441 | D:1      | Reached skill level 3 in Fighting
   691 | D:1      | Reached XP level 3. HP: 20/20 MP: 4/4
  1516 | D:2      | Gained mutation: Your natural rate of healing is unusually
                  | fast. [Vine Stalker growth]
  1516 | D:2      | Reached XP level 4. HP: 24/24 MP: 5/5
  1606 | D:2      | Reached skill level 1 in Unarmed Combat
  1772 | D:2      | Reached XP level 5. HP: 8/28 MP: 6/6
  2863 | D:4      | Got a brightly glowing hunting sling
  2873 | D:4      | Identified the +9 hunting sling of Qisik {speed, Str+3
                  | Int+3} (You found it on level 4 of the Dungeon)
  3272 | D:4      | Identified the Compendium of Conjuration
  3521 | D:4      | Found a staircase to the Ecumenical Temple.
  3552 | Temple   | Entered the Ecumenical Temple
  3858 | Temple   | Became a worshipper of Makhleb the Destroyer
  4118 | D:4      | Noticed Eustachio
  4182 | D:4      | Killed Eustachio
  4182 | D:4      | Reached skill level 4 in Fighting
  4182 | D:4      | Reached skill level 1 in Slings
  4182 | D:4      | Reached XP level 6. HP: 26/33 MP: 4/7
  4479 | D:5      | Entered Level 5 of the Dungeon
  4673 | D:5      | Reached XP level 7. HP: 38/38 MP: 8/8
  4780 | D:5      | Found an opulent altar of Gozag.
  5093 | D:5      | Reached skill level 5 in Fighting
  5417 | D:6      | Found Inoamyro's Book Shop.
  5439 | D:6      | Reached skill level 5 in Shields
  5439 | D:6      | Gained mutation: You have razor-sharp teeth. [Vine Stalker
                  | growth]
  5439 | D:6      | Reached XP level 8. HP: 43/43 MP: 9/9
  5674 | D:6      | Reached skill level 6 in Fighting
  5788 | D:6      | Noticed Sigmund
  5793 | D:6      | Killed Sigmund
  5793 | D:6      | Reached skill level 5 in Slings
  5989 | D:6      | Reached * piety under Makhleb
  6172 | D:7      | Reached XP level 9. HP: 49/49 MP: 10/10
  6179 | D:7      | Found Apiwyrett's Jewellery Shoppe.
  6344 | D:7      | Reached skill level 7 in Fighting
  6448 | D:7      | Found a sparkling altar of Nemelex Xobeh.
  6799 | D:8      | Noticed Pikel
  6872 | D:8      | Found an iron altar of Okawaru.
  6897 | D:8      | Reached ** piety under Makhleb
  6929 | D:8      | Reached XP level 10. HP: 55/56 MP: 9/11
  6970 | D:8      | Got a distressingly furry robe
  6983 | D:8      | Reached skill level 8 in Fighting
  7049 | D:8      | Killed Pikel
  7217 | D:8      | Noticed Maurice
  7238 | D:8      | Killed Maurice
  7263 | D:8      | Found a staircase to the Lair.
  7343 | D:8      | Found a shimmering altar of Xom.
  7370 | D:8      | Noticed Psyche
  7390 | D:8      | Killed Psyche
  7609 | D:9      | Reached skill level 10 in Slings
  7868 | D:9      | Reached skill level 9 in Fighting
  8189 | D:7      | Bought the amulet of the Four Winds {rN+ MR+++ Clar} for
                  | 658 gold pieces
  8189 | D:7      | Found the amulet of the Four Winds {rN+ MR+++ Clar}
  8335 | D:9      | Reached XP level 11. HP: 54/62 MP: 10/12
  8375 | D:9      | Reached *** piety under Makhleb
  8398 | D:9      | Found an ancient bone altar of Kikubaaqudgha.
  8491 | D:9      | Found a staircase to the Orcish Mines.
  8705 | D:9      | Noticed a two-headed ogre
  8714 | D:9      | Killed a two-headed ogre
  8742 | D:9      | Found a hazy altar of Hepliaklqana.
  8849 | D:9      | Found a bloodstained altar of Trog.
  8896 | D:9      | Found a glowing golden altar of the Shining One.
  8897 | D:9      | Found a shadowy altar of Dithmenos.
  8898 | D:9      | Found a sparkling altar of Nemelex Xobeh.
  8898 | D:9      | Found an ornate altar of the Wu Jian Council.
  8901 | D:9      | Found a glowing silver altar of Zin.
  9076 | D:10     | Entered Level 10 of the Dungeon
  9509 | D:10     | Noticed Urug
  9526 | D:10     | Killed Urug
 10318 | D:11     | Reached skill level 10 in Fighting
 10542 | Lair:1   | Entered Level 1 of the Lair of Beasts
 10555 | Lair:1   | Found a sparkling altar of Nemelex Xobeh.
 10664 | Lair:1   | Reached skill level 1 in Invocations
 11522 | Lair:2   | Gained mutation: You heal very quickly. [Vine Stalker
                  | growth]
 11522 | Lair:2   | Reached XP level 12. HP: 67/67 MP: 15/15
 11528 | Lair:2   | Reached **** piety under Makhleb
 11680 | Lair:2   | Reached skill level 5 in Armour
 11842 | Lair:2   | Noticed a five-headed hydra
 11877 | Lair:1   | Reached skill level 5 in Invocations
 11925 | Lair:2   | Noticed a four-headed hydra
 11937 | Lair:2   | Killed a four-headed hydra
 12246 | Lair:2   | Killed a five-headed hydra
 12382 | Lair:2   | Noticed a five-headed hydra
 12389 | Lair:2   | Killed a five-headed hydra
 12593 | Lair:3   | Found a staircase to the Snake Pit.
 12593 | Lair:3   | Noticed Nergalle
 12616 | Lair:3   | Killed Nergalle
 13222 | Lair:3   | Noticed Sonja
 13229 | Lair:3   | Killed Sonja
 13646 | Lair:4   | Got a slimy ring mail
 13751 | Lair:4   | Found a transporter.
 13754 | Lair:4   | Noticed Hiceoc's ghost (journeyman FeBe)
 13754 | Lair:4   | Noticed a six-headed hydra
 13934 | Lair:4   | Noticed a catoblepas
 13953 | Lair:4   | Killed a catoblepas
 13963 | Lair:4   | Reached XP level 13. HP: 72/72 MP: 20/20
 14493 | Lair:4   | Found a transporter.
 14730 | Lair:4   | Found a staircase to the Shoals.
 15042 | Lair:5   | Found a runed translucent door.
 15042 | Lair:5   | Found a viscous altar of Jiyva.
 15042 | Lair:5   | Found a staircase to the Slime Pits.
 15184 | Lair:4   | Reached skill level 5 in Unarmed Combat
 15433 | Lair:4   | Reached ***** piety under Makhleb
 15470 | Lair:5   | Reached skill level 11 in Fighting
 16434 | Lair:5   | Learned a level 1 spell: Apportation
 16437 | Lair:5   | Learned a level 2 spell: Blink
 16469 | Lair:5   | Reached skill level 1 in Spellcasting
 16469 | Lair:5   | Reached skill level 1 in Translocations
 16789 | D:11     | Reached XP level 14. HP: 79/79 MP: 21/21
 16839 | D:11     | Found a shimmering altar of Xom.
 17854 | D:12     | Noticed Azrael
 17884 | D:12     | Killed Azrael
 17884 | D:12     | Reached skill level 12 in Fighting
 18424 | D:13     | Noticed a lich
 18424 | D:13     | Noticed Qalota's ghost (journeyman MiBe)
 18465 | D:13     | Found a gate to the Vaults.
 18661 | D:13     | Found a basalt altar of Yredelemnul.
 18670 | D:13     | Noticed Kirke
 18689 | D:13     | Killed Kirke
 18835 | D:13     | Found a runed translucent door.
 18836 | D:13     | Noticed a storm dragon
 18994 | D:13     | Found a runed translucent door.
 19472 | D:14     | Reached ****** piety under Makhleb
 19549 | D:14     | Got a heavily jewelled robe
 20144 | D:14     | Reached skill level 13 in Fighting
 20505 | D:15     | Entered Level 15 of the Dungeon
 20573 | D:15     | Reached XP level 15. HP: 79/86 MP: 22/22
 20814 | D:15     | Reached skill level 10 in Armour
 20887 | D:15     | Found Kota Qao's Armour Shoppe.
 21128 | D:15     | Found a staircase to the Depths.
 22069 | Lair:6   | Entered Level 6 of the Lair of Beasts
 22226 | Lair:6   | Got a steaming leather armour
 22387 | Lair:6   | Reached skill level 14 in Fighting
 23355 | Lair:6   | Identified the Papyrus of the Feathery Frostbite
 23658 | Shoals:1 | Entered Level 1 of the Shoals
 23749 | Shoals:1 | Reached XP level 16. HP: 93/93 MP: 23/23
 24349 | Shoals:1 | Reached skill level 15 in Fighting
 24934 | Shoals:2 | Got a shimmering leather armour
 25611 | Shoals:2 | Identified a scroll of acquirement
 25612 | Shoals:2 | Acquired a manual of Spellcasting
 26309 | Snake:1  | Entered Level 1 of the Snake Pit
 26715 | Snake:1  | Reached skill level 10 in Unarmed Combat
 26934 | Snake:1  | Found a runed translucent door.
 26934 | Snake:1  | Found a shimmering altar of Xom.
 26934 | Snake:1  | Noticed Sassenached's ghost (adept KoWn)
 26934 | Snake:1  | Identified the cursed +1 war axe of Timnysm {chaos, rC+
                  | Str+6}
 28421 | Snake:2  | Reached XP level 17. HP: 99/99 MP: 21/24
 28876 | Snake:3  | Identified the ring "Gaida" {*Tele MR+ Dex+4 Slay-3}
 29147 | Snake:3  | Acquired the +0 pair of boots "Nyjeubeq" {Regen+ Dex+4
                  | Stlth-}
 29639 | Snake:4  | Entered Level 4 of the Snake Pit
 29850 | Snake:4  | Noticed Roxanne
 29850 | Snake:4  | Noticed Vashnia
 30056 | Snake:4  | Reached skill level 10 in Shields
 30179 | Snake:4  | Killed Vashnia
 30951 | Snake:4  | Found Keitibirch's Assorted Antiques.
 31297 | Snake:4  | Reached XP level 18. HP: 104/104 MP: 26/26
 31355 | Snake:4  | Reached skill level 10 in Invocations
 31576 | Snake:4  | Got a serpentine rune of Zot
 32957 | Shoals:4 | Entered Level 4 of the Shoals
 32957 | Shoals:4 | Found Euhacwob's Eclectic Emporium.
 33263 | Shoals:4 | Gained mutation: Scrolls take you a little longer to read.
                  | [a cacodemon]
 33316 | Shoals:4 | Lost mutation: Scrolls take you a little longer to read.
                  | [potion of mutation]
 33316 | Shoals:4 | Gained mutation: You have a pair of small antennae on your
                  | head. [potion of mutation]
 33316 | Shoals:4 | Gained mutation: You have sharp toenails. [potion of
                  | mutation]
 33316 | Shoals:4 | Gained mutation: You possess an exceptional clarity of
                  | mind. [potion of mutation]
 33557 | Shoals:4 | Drowned by a drowned soul

Illustrated notes

Levels and vault maps discovered:
D:1:      ncdulo_lavacross, layout_basic, serial_bayou_pond_c
D:2:      layout_rooms
D:3:      layout_loops_cross
D:4:      layout_basic, minmay_temple_entry_gardened_gates, uniq_eustachio
D:5:      layout_loops_corners, nicolae_gozag_cash_rules_everything_around_me
D:6:      layout_basic, serial_shops, nicolae_shop_stone, uniq_sigmund
D:7:      layout_rooms, serial_shops, nicolae_shop_trees, st_stairs_3,
          nemelex_lonely_heart_becter
D:8:      layout_rooms, kennysheep_mini, nicolae_overflow_hidden_temple,
          lair_entry_dummy, uniq_psyche, uniq_pikel, uniq_maurice
D:9:      layout_basic, lemuel_crystal_altar, lightli_temple_of_fire,
          minitemple, kennysheep_orc_monster_closet_entryway, minmay_between
D:10:     layout_basic, uniq_urug
D:11:     layout_long_grid, basic_altar
D:12:     layout_loops_cross, uniq_azrael
D:13:     layout_cave_pools, david_vaults_5, muffindrake_ghost_dual_entry,
          yredelemnul_altar_generic, uniq_kirke
D:14:     layout_irregular_city
D:15:     grunt_enter_depths_magical_seal, layout_loops_ring, serial_shops,
          shop, amethyst_killhole, minmay_misc_feat_x
Temple:   minmay_temple_forest_path
Lair:1:   layout_regular_city, basic_altar
Lair:2:   layout_regular_city, wad_woods_river_01
Lair:3:   layout_small_grid, guppyfry_snake_entry_island, uniq_nergalle,
          uniq_sonja
Lair:4:   layout_layer_cave, minmay_shoals_entry_lonely_mermaid,
          gammafunk_ghost_berserking_beasts, columned_hall_lemuel,
          roderic_batcave, cheibrodos_lair_lostbears
Lair:5:   layout_cave_pods, slime_altar_2, grunt_forest_large_clearings
Lair:6:   minmay_lair_end_frog_pond, layout_long_grid,
          infiniplex_staircase_pool_2
Shoals:1: layout_shoals
Shoals:2: layout_shoals
Shoals:3: layout_shoals
Shoals:4: shoals_end_hangedman, layout_shoals, nicolae_alphabet_shops,
          yaktaur_hedge
Snake:1:  layout_cave_shapes, ebering_ghost_xom, serial_bayou_lagoon_b,
          grunt_megastairs_2
Snake:2:  layout_basic
Snake:3:  layout_misc_corridors
Snake:4:  grunt_snake_rune_pools, layout_misc_corridors, serial_shops, shop,
          uniq_roxanne, uniq_vashnia

Skill      XL: |  1  2  3  4  5  6  7  8  9 10 11 12 13 14 15 16 17 18 |
---------------+-------------------------------------------------------+-----
Short Blades   | 2 3 |  3.2
Fighting       | 3 4 5 6 7 9 10 11 13 14 15 | 15.0
Unarmed Combat | 2 7 8 10 12 | 12.0
Shields        | 3 5 8 11 12 | 12.7
Slings         | 1 2 3 5 8 10 12 | 12.0
Armour         | 4 7 8 9 11 12 | 12.0
Invocations    | 3 8 9 11 | 11.7
Spellcasting   | 2 4 |  4.0
Translocations | 2 4 |  4.0

Action                   |  1- 3 |  4- 6 |  7- 9 | 10-12 | 13-15 | 16-18 || total
-------------------------+-------+-------+-------+-------+-------+-------++-------
Melee: Rapier            |    68 |       |       |       |       |       ||    68
       Bite              |    18 |    46 |       |   353 |   231 |    61 ||   709
       Unarmed           |    14 |   136 |       |   758 |   585 |   114 ||  1607
 Fire: Hunting sling     |       |    74 |   248 |   312 |  1432 |  2222 ||  4288
Invok: Lesser Servant of |       |       |       |       |       |    10 ||    10
       Greater Servant o |       |       |       |       |       |     3 ||     3
       Major Destruction |       |       |       |       |       |     2 ||     2
Evoke: Wand              |       |       |       |     5 |     4 |    17 ||    26
       Tin of tremorston |       |       |       |       |       |     3 ||     3
  Use: Potion            |       |     1 |       |     3 |     2 |     6 ||    12
       Scroll            |       |       |       |    11 |     2 |    21 ||    34
Armor: Scale mail        |    36 |    68 |     1 |       |       |       ||   105
       Plate armour      |       |       |    13 |   380 |   578 |   348 ||  1319
Dodge: Dodged            |    37 |    90 |    16 |   349 |   465 |   286 ||  1243
Block: Buckler           |       |    33 |    10 |   201 |   263 |   218 ||   725

Table legend: (Time is in decaauts)
 A = Elapsed time spent in this place.
 B = Non-inter-level travel time spent in this place.
 C = Inter-level travel time spent in this place.
 D = Time resting spent in this place.
 E = Time spent auto-exploring this place.
 F = Levels seen in this place.
 G = Mean time per level.
                   A        B        C        D        E       F      G
               +--------+--------+--------+--------+--------+-----+--------+
         Total |  31261 |  28771 |   2490 |   1153 |  19910 |  30 | 1042.0 |
       Dungeon |  14926 |  13670 |   1256 |    708 |   9619 |  15 |  995.1 |
        Temple |    353 |    307 |     46 |      0 |    270 |   1 |  353.0 |
          Lair |   7319 |   6690 |    629 |    114 |   4778 |   6 | 1219.8 |
        Shoals |   3910 |   3692 |    218 |    104 |   2339 |   4 |  977.5 |
     Snake Pit |   4751 |   4411 |    340 |    226 |   2902 |   4 | 1187.8 |
               +--------+--------+--------+--------+--------+-----+--------+

Top non-repeatable levels by time:
  Lair:4: 1705 daAuts
     D:9: 1407 daAuts
 Snake:4: 1357 daAuts
     D:2: 1356 daAuts
 Snake:3: 1353 daAuts
Shoals:2: 1349 daAuts
    D:10: 1338 daAuts
  Lair:6: 1267 daAuts
    D:15: 1218 daAuts
  Lair:5: 1217 daAuts
Shoals:1: 1145 daAuts
 Snake:2: 1121 daAuts
  Lair:3: 1078 daAuts
  Lair:2: 1061 daAuts
     D:4: 1017 daAuts
